Map: Ley Lines

Players

Spirit (souL) - Winner!

  • Race: Terran Terran
  • League: Master
  • Spawn Location: 7:00

Mixu

  • Race: Zerg Zerg
  • League: Master
  • Spawn Location: 1:00

Event: HomeStory Cup XXVII

VOD

Have the link to the VOD?

Description

Time

  • Played on: June 27, 2025, 10:45 a.m.
  • Length: 10:00

All games in this series

Show
View Real Time Build Order
Export as new Build Order

Spirit Terran - Winner!

Build Orders: Reaper Expand, Hellion Banshee 

Get SALT Encoding   

  12  0:00  SCV  
  13  0:12  SCV  
  14  0:16  Supply Depot  
  14  0:24  SCV  
  15  0:38  SCV  
  15  0:40  Barracks  
  16  0:44  Refinery  
  16  0:50  SCV  
  17  1:02  SCV  
  18  1:14  SCV  
  19  1:27  Orbital Command  
  19  1:28  Reaper  
  20  1:39  Command Center  
  20  1:46  Supply Depot  
  20  1:53  SCV  
  21  1:59  Marine  
  22  2:05  SCV  
  23  2:11  Factory  
  23  2:17  SCV  
  25  2:23  Barracks Reactor  
  25  2:30  SCV  
  25  2:39  Command Center  
  25  2:42  SCV  
  26  2:52  Orbital Command  
  26  2:54  SCV  
  27  3:00  Starport  
  27  3:04  Refinery  
  27  3:06  SCV  
  27  3:09  Hellion  
  30  3:13  Hellion  
  30  3:17  Barracks Tech Lab  
  30  3:19  SCV  
  32  3:21  SCV  
  33  3:31  SCV  
  33  3:33  Hellion  
  35  3:35  Hellion  
  35  3:37  SCV  
  37  3:43  SCV  
  37  3:45  Banshee  
  41  3:49  Barracks Tech Lab, SCV  
  42  3:58  Hellion x2  
  42  4:00  SCV  
  42  4:02  SCV  
  48  4:03  SCV  
  49  4:12  SCV  
  49  4:14  SCV  
  49  4:15  SCV  
  52  4:20  Hellion x2  
  56  4:24  SCV  
  56  4:26  SCV  
  56  4:27  Cloaking Field  
  56  4:29  Supply Depot  
  58  4:31  Orbital Command  
  58  4:36  SCV  
  58  4:38  SCV  
  60  4:41  Stimpack, Marine  
  61  4:51  Banshee, SCV x2  
  66  4:53  Supply Depot  
  66  4:57  SCV  
  66  5:00  Factory Reactor  
  59  5:09  SCV  
  59  5:10  SCV  
  51  5:16  SCV  
  51  5:18  Barracks  
  51  5:19  Barracks  
  51  5:21  SCV  
  47  5:23  SCV  
  44  5:28  SCV  
  44  5:33  SCV  
  44  5:35  Supply Depot, SCV  
  45  5:40  Supply Depot  
  45  5:41  SCV  
  46  5:45  SCV  
  46  5:46  Marine, Engineering Bay  
  46  5:47  Engineering Bay, SCV  
  49  5:53  Refinery, SCV  
  49  5:55  Refinery  
  49  5:56  Starport Reactor  
  50  5:57  SCV  
  50  6:00  SCV  
  50  6:01  Supply Depot  
  50  6:04  Siege Tank  
  55  6:07  SCV  
  55  6:08  Marine  
  57  6:13  SCV  
  57  6:17  Terran Infantry Armor Level 1, Terran Infantry Weapons Level 1  
  58  6:18  Marine  
  58  6:24  Marine x2  
  60  6:26  Combat Shield, SCV  
  60  6:30  Marine  
  60  6:32  Marine, SCV  
  62  6:33  Orbital Command  
  62  6:36  Marine  
  63  6:42  Marine x2  
  63  6:43  Siege Tank  
  63  6:44  Medivac  
  63  6:45  SCV  
  71  6:48  Marine, Medivac  
  71  6:50  Marine  
  71  6:54  Marine  
  75  6:57  SCV  
  75  6:58  SCV  
  75  6:59  SCV  
  75  7:00  Marine  
  80  7:01  Barracks  
  80  7:03  Barracks  
  80  7:07  Marine  
  81  7:09  Bunker, SCV  
  81  7:10  SCV  
  81  7:11  Supply Depot, SCV  
  81  7:12  Marine  
  81  7:14  Marine  
  86  7:16  Marine  
  86  7:19  Marine  
  86  7:21  SCV  
  86  7:22  SCV, Siege Tank  
  93  7:25  Marine  
  93  7:26  SCV, Armory  
  95  7:30  Marine  
  95  7:31  Refinery  
  95  7:33  SCV  
  95  7:34  SCV  
  95  7:36  Marine  
  99  7:38  SCV  
  99  7:39  Supply Depot, Marine  
  101  7:45  Marine, SCV  
  101  7:46  Supply Depot, SCV  
  101  7:47  Marine  
  101  7:50  Marine, SCV  
  101  7:51  Barracks Reactor  
  107  7:52  Barracks Reactor  
  107  7:57  Marine, SCV  
  109  8:01  Marine, SCV  
  109  8:03  Marine  
  112  8:06  Marauder  
  112  8:07  Marine  
  112  8:08  Medivac x2  
  112  8:09  Siege Tank  
  112  8:10  Supply Depot  
  122  8:15  Marine  
  122  8:19  Marine  
  124  8:21  Marine  
  124  8:25  Marine  
  124  8:26  Marine  
  118  8:29  Command Center  
  118  8:33  Marine  
  120  8:36  Marine  
  120  8:41  Marine  
  120  8:44  Marine x2  
  120  8:48  Marine  
  116  8:49  Marine  
  116  8:50  Marine  
  116  8:51  Marine  
  116  8:53  Marine  
  116  8:55  Marine, Siege Tank  
  112  8:58  Marine  
  112  9:02  Marine x2  
  110  9:03  Medivac  
  110  9:04  Medivac  
  110  9:06  Marine  
  110  9:07  Marine  
  117  9:08  Marine  
  117  9:09  Marine  
  117  9:10  Marine  
  117  9:12  Marine  
  117  9:27  Siege Tank  
Show
View Real Time Build Order
Export as new Build Order

Mixu Zerg 

Build Orders: Hatch First 

Get SALT Encoding   

  12  0:00  Drone  
  13  0:08  Drone  
  13  0:13  Extractor  
  13  0:15  Drone  
  15  0:21  Overlord  
  15  0:41  Drone  
  16  0:46  Hatchery  
  16  0:49  Drone  
  16  0:53  Drone  
  18  0:57  Drone  
  18  1:08  Extractor  
  17  1:11  Spawning Pool  
  17  1:15  Drone  
  18  1:18  Drone  
  18  1:26  Drone  
  19  1:37  Drone  
  20  1:52  Overlord  
  20  1:58  Queen x2  
  20  1:59  Zergling x2  
  20  2:00  Zergling x2  
  26  2:10  Drone x2  
  26  2:12  Metabolic Boost  
  28  2:20  Drone x2  
  30  2:36  Hatchery  
  29  2:40  Drone x2  
  31  2:45  Overlord  
  31  2:47  Drone  
  32  2:53  Drone x2  
  34  2:59  Queen  
  34  3:05  Drone x2  
  38  3:08  Overlord  
  38  3:12  Drone x2  
  40  3:18  Drone x2  
  42  3:21  Queen  
  42  3:26  Drone  
  45  3:29  Drone  
  45  3:39  Drone x4  
  45  3:41  Queen  
  48  3:45  Drone x2  
  48  3:48  Queen  
  52  3:49  Drone  
  52  3:53  Overlord  
  55  3:55  Drone  
  55  4:01  Queen  
  57  4:14  Zergling x14  
  60  4:19  Drone x3  
  60  4:22  Drone x2  
  63  4:28  Spore Crawler  
  63  4:29  Spore Crawler  
  59  4:35  Drone x4  
  62  4:46  Zergling x6  
  62  4:52  Lair  
  65  4:55  Evolution Chamber  
  65  4:58  Drone x3  
  57  5:10  Drone x5  
  52  5:15  Drone  
  52  5:18  Drone  
  52  5:22  Drone  
  52  5:28  Drone x2  
  52  5:32  Drone x2  
  55  5:38  Drone x4  
  59  5:47  Drone x4  
  63  5:51  Drone x2  
  63  5:54  Overseer  
  65  6:00  Overlord, Extractor x3  
  62  6:06  Overlord  
  62  6:11  Drone x2  
  62  6:15  Drone, Overlord  
  65  6:19  Drone x6  
  65  6:23  Overlord  
  65  6:24  Zergling x2, Hatchery  
  68  6:29  Zergling x2  
  68  6:34  Zergling x12  
  68  6:37  Drone  
  68  6:38  Drone x3  
  74  6:43  Drone  
  75  6:48  Baneling Nest  
  75  6:49  Drone x3  
  75  6:53  Baneling Nest  
  76  6:58  Drone x6  
  76  6:59  Drone  
  83  7:02  Drone x2  
  83  7:04  Drone x3  
  88  7:10  Zerg Ground Armor Level 1  
  88  7:12  Evolution Chamber  
  88  7:13  Overlord  
  88  7:16  Zergling x2, Overlord  
  88  7:21  Zergling x2  
  88  7:22  Zergling x2  
  90  7:26  Hatchery  
  89  7:31  Zergling x10  
  89  7:34  Hatchery  
  89  7:35  Zergling x4  
  95  7:37  Zergling x4  
  95  7:38  Baneling x3  
  95  7:39  Baneling  
  95  7:41  Baneling x4  
  97  7:45  Zergling x8  
  97  7:47  Zergling x2  
  97  7:50  Zergling x6  
  105  7:51  Centrifugal Hooks  
  105  7:53  Zerg Melee Weapons Level 1  
  105  8:02  Zergling x12  
  105  8:05  Baneling x6  
  111  8:07  Zergling x8  
  111  8:09  Baneling x2  
  115  8:14  Zergling x10  
  115  8:16  Baneling x7  
  118  8:20  Zergling x2  
  118  8:23  Zergling x8  
  118  8:32  Zergling x6  
  119  8:36  Zergling x6  
  119  8:38  Queen x2  
  118  8:43  Zergling x14  
  115  8:52  Zergling x16  
  115  8:55  Zergling x8  
  109  8:58  Zergling x2  
  109  9:01  Queen  
  109  9:02  Zergling x6  
  103  9:05  Zergling x2, Spore Crawler  
Tags
 
Add a new tag
Caveats
  • Supply blocks, unpowered buildings, or Contaminate may cause inaccurate times.
  • Supply counts are checked every 10 seconds.